 Dungeon Crawl Stone Soup version 0.29.1-1-gd02db6906a (webtiles) character file.

Game seed: 11562855646445544052

30 MisterFreud the Covert (level 3, 0/35 HPs)
             Began as a Gnoll Delver on Oct 2, 2022.
             Succumbed to a water moccasin's poison
             ... in a sewer.
             The game lasted 00:02:38 (414 turns).

MisterFreud the Covert (Gnoll Delver)                Turns: 414, Time: 00:02:38

Health: 0/35       AC:  3    Str: 11    XL:     3   Next: 20%
Magic:  4/4        EV: 13    Int: 11    God:
Gold:   5          SH:  0    Dex: 13    Spells: 3/3 levels left

rFire   . . .      SeeInvis .   a - +0 short sword (vorpal)
rCold   . . .      Faith    .   (no shield)
rNeg    . . .      Spirit   .   b - +0 leather armour
rPois   .          Reflect  .   (no helmet)
rElec   .          Harm     .   (no cloak)
rCorr   .          Rampage  .   (no gloves)
Will    .....                   (no boots)
Stlth   ++........              (no amulet)
HPRegen 0.11/turn               (no ring)
MPRegen 0.09/turn               (no ring)

@: lethally poisoned (0 -> -13), hasted, invisible, slow
A: fangs 1, strong nose, distributed training
a: no special abilities


You were in a sewer.
You visited 1 branch of the dungeon, and saw 1 of its levels.
You also visited: Sewer.

You collected 5 gold pieces.

Inventory:

Hand Weapons
 a - a +0 vorpal short sword (weapon)
Armour
 b - a +0 leather armour (worn)
Wands
 g - a wand of digging (3)
Scrolls
 c - a scroll of fog


   Skills:
 + Level 6.5 Fighting
 + Level 4.5 Short Blades
 + Level 0.7 Long Blades
 + Level 0.7 Axes
 + Level 0.7 Maces & Flails
 + Level 0.7 Polearms
 + Level 0.7 Staves
 + Level 0.7 Ranged Weapons
 + Level 0.7 Throwing
 + Level 0.7 Armour
 + Level 4.5 Dodging
 + Level 9.5 Stealth
 + Level 0.7 Shields
 + Level 0.7 Unarmed Combat
 + Level 0.7 Spellcasting
 + Level 0.5 Conjurations
 + Level 0.5 Hexes
 + Level 0.5 Summonings
 + Level 0.5 Necromancy
 + Level 0.5 Translocations
 + Level 0.5 Transmutations
 + Level 0.5 Fire Magic
 + Level 0.5 Ice Magic
 + Level 0.5 Air Magic
 + Level 0.5 Earth Magic
 + Level 0.5 Poison Magic
 + Level 0.9 Invocations
 + Level 0.7 Evocations


You had 3 spell levels left.
You didn't know any spells.
Your spell library was empty.

Dungeon Overview and Level Annotations

Branches:
Dungeon (5/15)              Sewer (1/1)
 Temple: D:4-7

Altars:

Annotations:
D:5 Eustachio


Innate Abilities, Weirdness & Mutations

You have very sharp teeth.
Your uncanny sense of smell can sniff out nearby items.
Your experience applies equally to all skills.


Message History

It is a scroll of brand weapon.
Your +0 short sword emits a brilliant flash of light!
a - a +0 vorpal short sword (weapon)
You feel sick.
Okay, then.
Unknown command.
You feel yourself speed up.
You feel sick.
You are no longer poisoned.
The water moccasin hisses angrily.
You enter the shallow water.
Moving in this stuff is going to be slow. ...and don't expect to remain undetected.
You enter the shallow water.
Moving in this stuff is going to be slow. ...and don't expect to remain undetected.
The water moccasin hisses angrily.
The water moccasin bites you.
You hit the water moccasin but do no damage.
You enter the shallow water.
Moving in this stuff is going to be slow. ...and don't expect to remain undetected.
Your unstable footing causes you to fumble your attack.
The water moccasin hisses angrily.
The water moccasin bites you!
* * * LOW HITPOINT WARNING * * *
You are lethally poisoned!
The water moccasin poisons you!
Unknown command.
Unknown command.
As you read the scroll of fear, it crumbles to dust.
You assume a fearsome visage.
The water moccasin looks frightened!
* * * LOW HITPOINT WARNING * * *
You feel very sick.
You aren't carrying any potions.
Unknown command.
Press: ? - help, v - describe, . - travel Some shallow water.
* * * LOW HITPOINT WARNING * * *
You feel very sick.
You die...

#########
#))#.#$$#
#.S#~#~?#
###~.~#
##~.~##
#.~.~.#
##.~@..##
#...#~..#
##.~###..##
#.~.# #~~.#
#..## ##..#
#..# #..#
#..# #..#
#.~## ##~.#
#.~.# #~..#


You could see a water moccasin (fleeing).

Vanquished Creatures
  A jelly (D:5)
  2 jackals (Sewer)
3 creatures vanquished.

Notes
Turn   | Place    | Note
-------+----------+-------------------------------------------
     0 | D:5      | Reached skill level 9 in Stealth
     0 | D:5      | MisterFreud the Gnoll Delver began the quest for the Orb.
     0 | D:5      | Reached XP level 1. HP: 23/23 MP: 1/1
     5 | D:5      | Noticed a jelly
     9 | D:5      | Noticed a phantom
    10 | D:5      | Noticed an ice beast
    11 | D:5      | Killed a jelly
    12 | D:5      | Reached XP level 2. HP: 29/29 MP: 1/3
    12 | D:5      | Reached XP level 3. HP: 35/35 MP: 1/4
    16 | D:5      | Noticed an ogre
    18 | D:5      | Noticed Eustachio
    33 | D:5      | Found a glowing drain.
    37 | Sewer    | Entered a sewer
   360 | Sewer    | Noticed a water moccasin
   413 | Sewer    | HP: 1/35 [poisoned by a water moccasin]
   414 | Sewer    | Succumbed to a water moccasin's poison

Illustrated notes

Levels and vault maps discovered:
D:5:      layout_basic, grunt_dithmenos_smoke, gup_sewer_entry_bowl,
          uniq_menkaure, uniq_eustachio
Sewer:    sewer_the_moccasin

Skill      XL: | |
---------------+-+-----
Stealth        | |  9.5
Fighting       | |  6.5
Short Blades   | |  4.5
Long Blades    | |  0.7
Axes           | |  0.7
Maces & Flails | |  0.7
Polearms       | |  0.7
Staves         | |  0.7
Ranged Weapons | |  0.7
Throwing       | |  0.7
Armour         | |  0.7
Dodging        | |  4.5
Shields        | |  0.7
Unarmed Combat | |  0.7
Spellcasting   | |  0.7
Conjurations   | |  0.5
Hexes          | |  0.5
Summonings     | |  0.5
Necromancy     | |  0.5
Translocations | |  0.5
Transmutations | |  0.5
Fire Magic     | |  0.5
Ice Magic      | |  0.5
Air Magic      | |  0.5
Earth Magic    | |  0.5
Poison Magic   | |  0.5
Invocations    | |  0.9
Evocations     | |  0.7

Action                   || total
-------------------------++-------
Melee: Short sword       ||    19
       Bite              ||     1
  Use: Scroll            ||     3
       Potion            ||     2
 Stab: Sleeping          ||     1
Armor: Leather armour    ||     7
Dodge: Dodged            ||    22
